Map: Abyssal Reef LE

Players

LiquidSnute (Snute)

  • Race: Zerg Zerg
  • League: Master
  • Spawn Location: 5:00

Solar - Winner!

  • Race: Zerg Zerg
  • Spawn Location: 11:00

Event: HomeStory Cup XVI

VOD

Have the link to the VOD?

Description

Time

  • Played on: Nov. 12, 2017, 1:08 p.m.
  • Length: 11:15

All games in this series

Show
View Real Time Build Order
Export as new Build Order

LiquidSnute Zerg 

Build Orders: Hatch First 

Get SALT Encoding   

  12  0:00  Drone  
  13  0:12  Overlord  
  13  0:17  Drone  
  14  0:30  Drone x2  
  14  0:34  Drone  
  17  0:51  Hatchery  
  17  0:54  Drone  
  17  0:57  Drone  
  17  0:59  Extractor  
  17  1:12  Spawning Pool  
  17  1:16  Drone  
  17  1:19  Drone  
  18  1:28  Drone  
  19  1:38  Overlord  
  19  1:49  Drone  
  20  1:59  Queen, Metabolic Boost  
  22  2:03  Queen  
  22  2:04  Drone  
  25  2:08  Drone  
  25  2:11  Drone  
  25  2:15  Drone  
  28  2:21  Drone  
  29  2:25  Zergling x2  
  30  2:32  Zergling x2  
  31  2:38  Zergling x2  
  31  2:43  Zergling x2  
  33  2:46  Overlord  
  33  2:57  Drone x2  
  35  3:04  Drone  
  36  3:07  Baneling Nest, Hatchery  
  36  3:09  Drone x4  
  36  3:10  Drone x2  
  36  3:12  Drone  
  41  3:18  Overlord  
  41  3:21  Overlord  
  41  3:29  Zergling x2  
  41  3:31  Zergling x2  
  43  3:36  Queen  
  43  3:41  Drone  
  46  3:45  Drone x4  
  49  3:51  Baneling x2  
  49  3:52  Baneling x2  
  49  3:54  Queen  
  51  3:56  Zergling x8  
  53  4:10  Drone  
  53  4:11  Drone  
  53  4:16  Zergling x2  
  54  4:17  Drone  
  54  4:20  Extractor  
  54  4:21  Extractor  
  54  4:22  Drone, Roach Warren  
  53  4:28  Baneling x2  
  53  4:32  Drone x3  
  53  4:33  Drone x2  
  53  4:34  Drone x2  
  60  4:38  Overlord x2  
  59  4:46  Overlord  
  59  4:47  Overlord  
  59  4:49  Overlord  
  58  4:55  Overlord x2  
  58  5:01  Roach  
  58  5:02  Roach x5  
  70  5:07  Roach x2  
  70  5:11  Roach  
  74  5:16  Roach x2  
  74  5:19  Drone x3  
  74  5:21  Drone  
  82  5:25  Zergling x6  
  85  5:30  Zergling x4  
  85  5:31  Zergling x4  
  85  5:34  Zergling x2  
  90  5:37  Lair  
  90  5:40  Evolution Chamber  
  90  5:42  Drone x2  
  91  5:43  Drone  
  91  5:46  Baneling x5  
  92  5:50  Drone x3  
  92  5:52  Drone  
  92  5:53  Drone  
  92  5:56  Drone x2  
  96  5:58  Drone  
  96  5:59  Drone  
  96  6:04  Drone x3  
  100  6:11  Zerg Missile Weapons Level 1  
  99  6:12  Drone x3  
  99  6:13  Drone  
  99  6:14  Extractor  
  99  6:15  Extractor  
  101  6:28  Hatchery  
  101  6:31  Roach  
  101  6:32  Roach x7  
  116  6:34  Overlord, Unknown  
  116  6:35  Glial Reconstitution  
  116  6:44  Drone  
  117  6:55  Roach x6  
  117  6:56  Overlord x2  
  117  6:57  Overlord x2  
  129  7:05  Centrifical Hooks  
  129  7:11  Overlord x3  
  129  7:16  Roach x7  
  129  7:21  Roach x3  
  144  7:25  Roach x2  
  144  7:28  Zergling x4  
  150  7:33  Zergling x2  
  150  7:36  Zergling x4  
  153  7:39  Roach  
  153  7:42  Roach x4  
  163  7:47  Baneling x4  
  163  7:48  Overlord  
  163  7:50  Ravager x2  
  167  7:51  Roach x2  
  167  7:56  Roach x3  
  175  8:00  Baneling x2  
  175  8:02  Extractor  
  175  8:04  Roach x2  
  163  8:24  Roach x11  
  185  8:28  Roach x2  
  185  8:30  Roach  
  185  8:31  Roach  
  185  8:33  Roach  
  195  8:35  Zergling x8  
  199  8:41  Zerg Missile Weapons Level 2  
  196  9:02  Roach  
  182  9:03  Roach x12  
  182  9:06  Roach  
  182  9:08  Overseer  
  167  9:12  Ravager  
  161  9:19  Roach  
  161  9:20  Roach x5  
  139  9:34  Roach x5  
  130  9:40  Roach x2  
  130  9:42  Queen  
  132  9:47  Overseer  
  132  9:49  Roach  
  132  9:50  Roach x3  
  138  9:55  Roach  
  138  9:56  Roach  
  138  9:57  Spore Crawler, Ravager  
  138  9:58  Ravager  
  143  10:04  Roach  
  143  10:05  Roach x2  
  143  10:07  Ravager  
  150  10:10  Ravager  
  150  10:12  Ravager  
  150  10:13  Roach x2  
  146  10:29  Roach x5  
  146  10:30  Roach x5  
  159  10:36  Roach x3  
  159  10:41  Roach x2  
  159  10:42  Roach  
  148  10:53  Roach  
  148  10:54  Roach x4  
Show
View Real Time Build Order
Export as new Build Order

Solar Zerg - Winner!

Build Orders: Hatch First 

Get SALT Encoding   

  12  0:00  Drone  
  13  0:12  Overlord  
  13  0:17  Drone  
  14  0:31  Drone x2  
  14  0:35  Drone  
  17  0:52  Hatchery  
  17  0:54  Drone  
  17  0:58  Drone  
  17  1:03  Extractor  
  17  1:13  Spawning Pool  
  17  1:17  Drone  
  17  1:20  Drone  
  18  1:27  Drone  
  19  1:38  Overlord  
  19  2:00  Queen, Zergling x4  
  23  2:04  Queen, Zergling x2  
  23  2:06  Metabolic Boost  
  26  2:10  Drone  
  26  2:14  Drone  
  28  2:21  Drone  
  29  2:25  Drone  
  30  2:38  Hatchery  
  30  2:40  Drone  
  30  2:43  Drone  
  31  2:45  Drone  
  32  2:54  Drone  
  32  2:57  Baneling Nest  
  32  2:58  Overlord  
  32  3:00  Drone  
  32  3:04  Drone  
  34  3:14  Zergling x2  
  34  3:15  Zergling x2  
  34  3:18  Zergling x8  
  39  3:21  Drone  
  39  3:22  Zergling x2  
  40  3:28  Zergling x2  
  40  3:31  Overlord  
  41  3:38  Zergling x2  
  41  3:41  Baneling x2, Drone  
  43  3:50  Overlord  
  43  3:51  Queen, Drone  
  43  3:53  Drone  
  47  3:55  Drone  
  47  3:56  Drone, Zergling x2  
  47  4:01  Drone  
  51  4:04  Drone  
  52  4:12  Drone, Zergling x2  
  52  4:14  Drone  
  52  4:15  Drone  
  54  4:17  Overlord  
  54  4:20  Zergling x2  
  54  4:23  Drone x3  
  58  4:28  Drone x2  
  58  4:31  Evolution Chamber  
  59  4:34  Baneling x2  
  59  4:35  Overlord  
  59  4:37  Drone x2  
  59  4:38  Drone  
  62  4:39  Drone  
  62  4:40  Extractor  
  62  4:43  Lair  
  62  4:44  Drone  
  62  4:46  Drone  
  62  4:48  Drone  
  62  4:49  Drone  
  64  4:55  Extractor  
  64  4:56  Drone, Roach Warren  
  63  5:01  Drone x2  
  63  5:04  Drone  
  63  5:05  Extractor  
  63  5:06  Drone x2  
  67  5:11  Drone x2  
  67  5:12  Overlord  
  68  5:18  Drone  
  68  5:20  Drone  
  69  5:22  Overlord  
  69  5:24  Spine Crawler  
  67  5:35  Roach  
  67  5:36  Roach x9  
  67  5:37  Roach  
  67  5:39  Overlord  
  67  5:40  Baneling x2  
  67  5:42  Roach  
  89  5:46  Roach  
  89  5:47  Overlord  
  91  5:51  Roach x2  
  91  5:55  Roach  
  91  5:56  Baneling x3  
  96  5:58  Roach  
  96  5:59  Roach  
  96  6:00  Zergling x4  
  96  6:03  Overlord  
  102  6:05  Overseer  
  102  6:10  Roach x2  
  108  6:11  Roach  
  109  6:18  Drone  
  109  6:20  Overlord  
  109  6:22  Extractor  
  108  6:26  Glial Reconstitution  
  108  6:28  Drone  
  108  6:29  Drone x4  
  108  6:30  Zerg Missile Weapons Level 1  
  115  6:32  Drone x2  
  115  6:38  Overlord  
  115  6:41  Hatchery  
  115  6:43  Drone  
  115  6:44  Drone  
  115  6:45  Drone  
  119  6:47  Roach x3  
  123  6:54  Roach  
  123  6:55  Roach  
  123  6:57  Overlord  
  123  6:58  Roach x3  
  133  7:03  Overlord  
  133  7:05  Overlord, Overseer  
  132  7:09  Overlord x2  
  132  7:16  Roach  
  132  7:17  Roach x2  
  136  7:23  Roach x4  
  136  7:25  Overlord  
  136  7:26  Burrow  
  144  7:30  Overlord  
  144  7:32  Roach  
  144  7:33  Roach x2  
  150  7:37  Ravager, Overlord  
  150  7:41  Roach x2  
  150  7:43  Roach  
  156  7:44  Tunneling Claws  
  156  7:46  Roach x2  
  156  7:50  Roach x3  
  166  7:52  Roach  
  166  7:55  Roach x2  
  166  7:58  Queen  
  172  8:00  Roach  
  172  8:04  Roach x2  
  180  8:06  Roach  
  181  8:18  Roach x6  
  181  8:19  Roach x2  
  191  8:20  Roach  
  191  8:23  Roach x2  
  191  8:24  Roach  
  191  8:25  Roach x33  
  189  8:27  Extractor  
  189  8:29  Roach x2  
  189  8:31  Roach  
  189  8:33  Roach x2  
  198  8:35  Roach  
  200  8:53  Roach x2  
  200  8:54  Roach x2  
  200  8:55  Roach  
  198  8:58  Roach x2  
  180  9:03  Roach x8  
  180  9:07  Roach  
  180  9:08  Roach x2  
  166  9:11  Roach x2  
  166  9:13  Roach  
  166  9:16  Roach  
  166  9:17  Roach  
  166  9:21  Roach x2  
  154  9:25  Roach x2  
  154  9:26  Roach  
  154  9:27  Roach  
  154  9:29  Roach  
  149  9:32  Roach x24  
  149  9:33  Roach x2  
  149  9:36  Roach  
  145  9:39  Roach x2  
  145  9:42  Roach x24  
  145  9:43  Roach x3  
  145  9:45  Roach  
  153  9:52  Roach x2  
  157  9:54  Roach x2, Ravager  
  157  9:55  Ravager  
  157  9:57  Roach x2  
  167  10:02  Roach x2  
  171  10:08  Roach x3  
  171  10:10  Roach  
  171  10:12  Roach x2  
  177  10:14  Roach  
  177  10:16  Roach  
  177  10:17  Roach x5  
  177  10:20  Roach x2  
  177  10:21  Roach x28  
  187  10:22  Roach x3  
  187  10:26  Roach  
  185  10:28  Roach x2  
  185  10:29  Roach  
  185  10:31  Roach x3  
  185  10:33  Roach  
  185  10:34  Roach  
  183  10:37  Roach  
  183  10:38  Roach  
  183  10:41  Roach x2  
  191  10:43  Roach  
  191  10:44  Roach  
  191  10:47  Roach x2  
  191  10:48  Roach x4  
  191  10:49  Roach x3  
  185  10:50  Roach x2  
  185  10:52  Roach  
  185  10:53  Roach  
  185  10:55  Roach  
Tags
 
Add a new tag
Caveats
  • Supply blocks, unpowered buildings, or Contaminate may cause inaccurate times.
  • Supply counts are checked every 10 seconds.